 Dungeon Crawl Stone Soup version 0.30.1-9-gdf580d7c3d (webtiles) character file.

Game seed: 10206919950997201382

1369 KittyFluff the Covered (level 8, -5/75 HPs)
             Began as a Gargoyle Berserker on Oct 6, 2023.
             Was a Priest of Trog.
             Shot with an arrow by a centaur (9 damage)
             ... on level 6 of the Dungeon.
             The game lasted 00:25:34 (5351 turns).

KittyFluff the Covered (Gargoyle Berserker)         Turns: 5351, Time: 00:25:34

Health: -5/75      AC:  7    Str: 20    XL:     8   Next: 65%
Magic:  8/8        EV: 27    Int:  9    God:    Trog [***...]
Gold:   300        SH:  0    Dex: 11    Spells: 7/7 levels left

rFire   . . .        a - +0 mace
rCold   . . .        (no shield)
rNeg    + . .        j - +0 leather armour
rPois   ∞            h - +1 helmet
rElec   +            (no cloak)
rCorr   .            (no gloves)
SInv    .            (no boots)
Will    .....        z - amulet of the acrobat Stlth
                     (no ring)
HPRegen 0.32/turn    (no ring)
MPRegen 0.11/turn

%: acrobat
@: berserking, corroded, acrobatic, very quick
A: sickness immunity, AC +5, negative energy resistance 1, electricity
resistance, torment resistance 1, petrification resistance
a: Renounce Religion, Berserk, Trog's Hand


You were on level 6 of the Dungeon.
You worshipped Trog.
Trog was most pleased with you.
You visited 1 branch of the dungeon, and saw 6 of its levels.

You collected 300 gold pieces.

Inventory:

Hand Weapons
 a - a +0 mace (weapon)
 g - a +0 sling
 v - a +2 whip of venom
Missiles
 k - a throwing net
 s - 6 poisoned darts
 y - a silver boomerang
Armour
 h - a +1 helmet (worn)
 j - a +0 leather armour (worn)
 l - a +2 hat
Jewellery
 z - an amulet of the acrobat (around neck)
Scrolls
 c - 3 scrolls of fog {unknown}
 e - 2 scrolls of blinking {unknown}
 f - 2 scrolls of teleportation {unknown}
 i - 2 scrolls of magic mapping
 n - 2 scrolls of vulnerability {unknown}
 o - a scroll of amnesia {unknown}
 p - a scroll of brand weapon {unknown}
 q - a scroll of noise {unknown}
 r - 3 scrolls of enchant armour {unknown}
 u - a scroll of torment {unknown}
 x - a scroll of identify
Potions
 b - 2 potions of heal wounds
 d - a potion of might
 m - 2 potions of flight
 t - a potion of resistance
 w - a potion of brilliance {unknown}


   Skills:
 + Level 5.6 Fighting
 * Level 6.6 Maces & Flails
 * Level 6.9 Armour
 + Level 3.6 Dodging


You had 7 spell levels left.
You didn't know any spells.
Your spell library was empty.

Dungeon Overview and Level Annotations

Branches:
Dungeon (6/15)
 Temple: D:4-7

Altars:
Cheibriados
Dithmenos
Hepliaklqana
Makhleb
Nemelex Xobeh
Sif Muna
Uskayaw
Xom
The Shining One

Shops:
D:5 [*:

Annotations:
D:6 Maggie


Innate Abilities, Weirdness & Mutations

You are immune to sickness and miasma.
Your stone body is resilient. (AC +5)
You are immune to poison.
You resist negative energy. (rN+)
You are resistant to electric shocks. (rElec)
You are resistant to unholy torment.
You are immune to petrification.


Message History

Trog accepts your kill.
You hit the jelly.
Your hands burn!
The jelly is lightly wounded.
The jelly hits you but does no damage.
You hit the jelly.
Your hands burn!
The jelly is heavily wounded.
The jelly hits you.
You are splashed with acid!
The jelly hits you. The acid corrodes you!
You are splashed with acid!
You hit the jelly but do no damage.
Your hands burn!
You punch the jelly.
The jelly is heavily wounded.
The jelly hits you but does no damage.
You hit the jelly but do no damage.
Your hands burn!
You punch the jelly, but do no damage.
The jelly is heavily wounded.
The jelly barely misses you.
You hit the jelly.
Your hands burn!
The jelly is severely wounded.
The jelly misses you.
You hit the jelly but do no damage.
Your hands burn!
The jelly is severely wounded.
A centaur comes into view.
The jelly closely misses you.
The centaur shouts!
You hit the jelly but do no damage.
Your hands burn!
* * * LOW HITPOINT WARNING * * *
The jelly is severely wounded.
The jelly hits you but does no damage.
You hit the jelly.
You kill the jelly!
Trog accepts your kill.
The centaur wields a +0 shortbow.
The centaur shoots an arrow.
The arrow hits you!
* * * LOW HITPOINT WARNING * * *
A red film seems to cover your vision as you go berserk!
You feel yourself moving faster!
You feel mighty!
The centaur shoots an arrow.
The arrow hits you.
* * * LOW HITPOINT WARNING * * *
You feel a strong urge to attack something.
The centaur shoots an arrow.
The arrow hits you!
You die...

#..######....#...#
+.......#....#...#
#.......'....#...#
#..######....#...#
#.<# #....#...#
#..+ ♣♣♣♣+♣♣♣♣.#
#..# +.......+.#
#### ♣.#...#.♣.#
♣.#._.#@♣.#
♣.#...#.♣.#
+.....c.'.#
###♣♣♣♣'♣♣♣♣##
.........#
.........#
.......o.#
.........# #####
.........####.....


You could see a centaur.

Vanquished Creatures
  Sigmund (D:2)
  2 black bears
  3 ogres
  A phantom (D:3)
  2 kobold brigands (D:4)
  A scorpion (D:4)
  2 hounds
  An orc priest (D:5)
  A gnoll bouda (D:4)
  3 jellies
  An iguana (D:4)
  8 gnolls
  8 adders
  An ufetubus (D:5)
  2 worms
  5 dart slugs
  9 orcs
  3 ball pythons
  7 bats
  6 endoplasms
  6 giant cockroaches
  6 hobgoblins
  16 kobolds
  3 quokkas
  4 frilled lizards
  14 goblins
  6 rats
122 creatures vanquished.

Notes
Turn   | Place    | Note
-------+----------+-------------------------------------------
     0 | D:1      | KittyFluff the Gargoyle Berserker began the quest for the
                  | Orb.
     0 | D:1      | Reached XP level 1. HP: 14/14 MP: 1/1
    93 | D:1      | Reached XP level 2. HP: 19/19 MP: 2/2
   395 | D:1      | Reached XP level 3. HP: 23/23 MP: 3/3
   766 | D:1      | Reached ** piety under Trog
  1543 | D:2      | Reached XP level 4. HP: 29/29 MP: 4/4
  1969 | D:2      | Noticed Sigmund
  1985 | D:2      | Killed Sigmund
  1986 | D:2      | Reached XP level 5. HP: 33/33 MP: 5/5
  1986 | D:2      | Reached XP level 6. HP: 38/38 MP: 6/6
  2629 | D:3      | Found a sparkling altar of Nemelex Xobeh.
  2670 | D:3      | Found a hide-covered altar of Uskayaw.
  2737 | D:3      | Found a glowing golden altar of the Shining One.
  2912 | D:3      | Found a shimmering blue altar of Sif Muna.
  2964 | D:3      | Found a shimmering altar of Xom.
  3144 | D:3      | Found a snail-covered altar of Cheibriados.
  3148 | D:3      | Found a burning altar of Makhleb.
  3381 | D:4      | Reached skill level 5 in Maces & Flails
  3381 | D:4      | Reached skill level 5 in Armour
  3381 | D:4      | Reached XP level 7. HP: 38/44 MP: 7/7
  3740 | D:4      | Reached skill level 5 in Fighting
  3886 | D:4      | Reached XP level 8. HP: 47/49 MP: 8/8
  4070 | D:4      | Identified the +1 falchion "Ucem" {distort, Str+6 Int+3}
  4254 | D:4      | Reached *** piety under Trog
  4451 | D:5      | Entered Level 5 of the Dungeon
  4496 | D:5      | Identified the +1 scimitar of Eternal Vigilance {spect,
                  | rElec rCorr Int+5 Dex-2}
  4520 | D:5      | Found Naqar's Antique Armour Emporium.
  4664 | D:5      | Found a hazy altar of Hepliaklqana.
  5079 | D:5      | Found Soaqirhi's Superlative Supplies.
  5133 | D:5      | Found Xuiro's Book Shoppe.
  5237 | D:6      | Noticed Maggie
  5305 | D:6      | Found a shadowy altar of Dithmenos.
  5350 | D:6      | HP: 3/75 [centaur/arrow (4)]
  5351 | D:6      | Shot with an arrow by a centaur

Illustrated notes

Levels and vault maps discovered:
D:1:      kilobyte_arrival_exit_the_forest, layout_basic,
          kennysheep_another_room, st_stairs_7, chequers_decorated_corner,
          minmay_misc_feat_hallway, minmay_worlds_worst_comb
D:2:      layout_basic, uniq_sigmund
D:3:      kennysheep_the_goblin_king, layout_basic, minitemple,
          general_overflow_altar, mainiacjoe_overflow_brackets,
          mainiacjoe_overflow_cross_hatched, lemuel_round_altar,
          mainiacjoe_overflow_surrounded_room, kennysheep_generic_room_12
D:4:      cheibrodos_thug_alley, layout_cave_pools, mainiacjoe_overflow_alcove_2
D:5:      layout_loops_ring, lemuel_crystal_altar, serial_shops, shop, shop,
          nicolae_alphabet_shops, grunt_ministairs_14
D:6:      layout_gridville, mainiacjoe_overflow_six_doors_small,
          mainiacjoe_overflow_catwalk, serial_demonic, serial_demonic_c,
          serial_demonic_d, serial_demonic_g, serial_demonic_d,
          minmay_fractal_squares_diagonal_5, uniq_maggie

Skill      XL: |  1  2  3  4  5  6  7  8 |
---------------+-------------------------+-----
Armour         | 3 4 5 6 |  6.9
Dodging        | 2 3 |  3.6
Fighting       | 4 5 |  5.6
Maces & Flails | 4 5 6 |  6.6

Action                     |  1- 3 |  4- 6 |  7- 9 || total
---------------------------+-------+-------+-------++-------
  Melee: Mace              |    95 |   146 |   239 ||   480
         Punch             |       |     2 |     4 ||     6
   Fire: Sling             |     2 |       |    18 ||    20
 Invoke: Berserk           |       |     2 |     3 ||     5
    Use: Scroll            |       |     4 |       ||     4
   Stab: Sleeping          |     2 |       |       ||     2
 Armour: Animal skin       |    21 |       |       ||    21
         Leather armour    |    11 |    68 |   113 ||   192
  Dodge: Dodged            |    69 |    87 |   198 ||   354
